 Dungeon Crawl Stone Soup version 0.31.0-12-g77e489cdc1 (webtiles) character file.

Game seed: 10016635751392176184

20981 112233 the Mimic (level 12, -10/87 HPs)
             Began as an Octopode Shapeshifter on Feb 14, 2024.
             Was an Initiate of Gozag.
             Mangled by a komodo dragon (31 damage)
             ... on level 2 of the Lair of Beasts.
             The game lasted 00:21:13 (16835 turns).

112233 the Mimic (Octopode Shapeshifter)           Turns: 16835, Time: 00:21:13

Health: -10/87     AC:  1    Str: 16    XL:     12   Next: 85%
Magic:  12/12      EV: 23    Int: 18    God:    Gozag
Gold:   211        SH:  0    Dex: 19    Spells: 11/11 levels left

rFire   . .          .
                       - Unarmed
rCold   x . .        (shield currently unavailable)
rNeg    + . .        (helmet restricted)
rPois   .            z - amulet of regeneration
rElec   .            i - ring of resist corrosion
rCorr   +            l - ring of Xom's Whimsicality {rC- Int+5 Dex+6 Slay+5 Stlth+}
SInv    +            y - ring of see invisible
Will    +....        N - ring of willpower
Stlth   ++           o - ring of flight
HPRegen 1.14/turn    F - ring of positive energy
MPRegen 0.13/turn    (no ring)
                     (no ring)

%: no passive effects
@: mighty, flux-form, gold aura, flying, glowing
A: glow, contaminating, almost no armour, amphibious, 8 rings, camouflage 1,
gelatinous body 1, (nimble swimmer 1), tentacles, tentacle spike 1, subdued
magic 1
a: Begin Untransformation, Renounce Religion, Potion Petition, Call Merchant,
Bribe Branch


You were on level 2 of the Lair of Beasts.
You worshipped Gozag.
Gozag was aware of your devotion.
You were something dangerously unstable.
You visited 4 branches of the dungeon, and saw 20 of its levels.
You also visited: Bailey.

You collected 3491 gold pieces.
You spent 1711 gold pieces at shops.
You paid 1569 gold pieces to Gozag.

Inventory:

Hand Weapons
 d - a +2 spear of freezing
 H - the +6 falchion of the Spinneret {flame, *Noise rF+ rC+ rN+++}
   (You found it on level 9 of the Dungeon)

   rF+:       It protects you from fire.
   rC+:       It protects you from cold.
   rN+++:     It renders you almost immune to negative energy.
   *Noise:    It may make a loud noise when swung.
 S - the +6 demon trident "Yhoenose" {vamp, rPois rC- Int+3 Dex+3}
   (You bought it in a shop on level 7 of the Dungeon)

   Int+3:     It affects your intelligence (+3).
   Dex+3:     It affects your dexterity (+3).
   rC-:       It makes you vulnerable to cold.
   rPois:     It protects you from poison
Armour
 K - a +2 hat
 O - an orb of guile
Magical Staves
 R - a staff of death
Jewellery
 i - a ring of resist corrosion (left tentacle)
 l - the ring of Xom's Whimsicality (right tentacle) {rC- Int+5 Dex+6 Slay+5 Stlth+}
   (You found it on level 4 of the Dungeon)

   [ring of dexterity]

   Int+5:     It affects your intelligence (+5).
   Dex+6:     It affects your dexterity (+6).
   Slay+5:    It affects your accuracy & damage with ranged weapons and melee
   (+5).
   rC-:       It makes you vulnerable to cold.
   Stlth+:    It makes you more stealthy.
 o - a ring of flight (on tentacle)
 y - a ring of see invisible (on tentacle)
 z - an amulet of regeneration (around mantle)
 D - an amulet of magic regeneration
 F - a ring of positive energy (on tentacle)
 N - a ring of willpower (on tentacle)
Talismans
 b - a beast talisman
 c - a flux talisman (active)
 p - a maw talisman
Wands
 a - a wand of flame (32)
 q - a wand of charming (7)
 C - a wand of polymorph (6)
 E - a wand of iceblast (22)
 M - a wand of quicksilver (6)
Scrolls
 e - 3 scrolls of blinking
 f - 3 scrolls of silence
 g - a scroll of poison
 h - 3 scrolls of immolation
 j - a scroll of teleportation
 k - 2 scrolls of vulnerability
 m - a scroll of noise
 n - 3 scrolls of amnesia
 r - a scroll of enchant weapon
 u - 5 scrolls of fear
 w - 2 scrolls of revelation
 x - a scroll of brand weapon
 G - a scroll of fog
 I - 2 scrolls of enchant armour
 J - 3 scrolls of identify
Potions
 s - 3 potions of might
 t - 2 potions of brilliance
 A - a potion of curing
 B - 2 potions of haste
 L - 2 potions of berserk rage
 P - a potion of mutation
 Q - 3 potions of cancellation
 T - a potion of enlightenment {unknown}
 U - a potion of ambrosia {unknown}
 V - a potion of degeneration {unknown}


   Skills:
 + Level 9.8 Fighting
 + Level 10.0 Dodging
 + Level 10.0 Unarmed Combat
 * Level 12.3 Shapeshifting


You had 11 spell levels left.
You didn't know any spells.
Your spell library contained the following spells:

 Spells                   Type           Power      Damage    Failure   Level
 Foxfire                  Conj/Fire      0%         2x1d4     19%         1
 Call Canine Familiar     Summ           0%         N/A       50%         3
 Inner Flame              Hex/Fire       0%         N/A       50%         3
 Sigil of Binding         Hex            0%         N/A       50%         3
 Tukima's Dance           Hex            0%         N/A       50%         3
 Dimensional Bullseye     Hex/Tloc       0%         N/A       89%         4
 Flame Wave               Conj/Fire      0%         2d4       89%         4
 Iskenderun's Mystic Bla  Conj/Tloc      0%         2d3       89%         4
 Sticky Flame             Fire/Alch      0%         2d4       89%         4
 Plasma Beam              Fire/Air       0%         2x1d10    100%        6
 Starburst                Conj/Fire      0%         6d3       100%        6


Dungeon Overview and Level Annotations

Branches:
Dungeon (15/15)            Temple (1/1) D:5            Lair (2/5) D:10
    Orc (2/2) D:11            Elf (0/3) Orc:2        Bailey (visited)
  Swamp: Lair:2-3    Shoals: Lair:2-3     Snake: Lair:2-3    Spider: Lair:2-3
 Vaults: D:13-14     Depths: D:15

Altars:
Ashenzari
Cheibriados
Dithmenos
Elyvilon
Fedhas
Gozag
Hepliaklqana
Kikubaaqudgha
Makhleb
Nemelex Xobeh
Okawaru
Qazlal
Ru
Sif Muna
Trog
Uskayaw
Vehumet
Wu Jian
Xom
Yredelemnul
Zin
The Shining One

Shops:
D:1 =(*((   D:4 (   D:6 [*!   D:7 (   D:11 *   D:12 :(   Orc:1 ?*

Annotations:
D:4 exclusion: upstairs
D:15 Rupert
Lair:1 exclusion: oklob plant


Innate Abilities, Weirdness & Mutations

You are something dangerously unstable.
You glow with magical radiation, making you easy to see and hit.
Foes you strike become dangerously contaminated with magical radiation.
You are incapable of wielding weapons or throwing items.
You cannot wear most types of armour.
You are amphibious.
You can wear up to eight rings at the same time.
Your skin changes colour to match your surroundings (Stealth+).
Your rubbery body absorbs attacks. (AC +1, EV +1)
((You are camouflaged when in or above water. (Stealth+)))
You have tentacles for arms and can constrict up to eight enemies at once.
One of your tentacles bears a spike.
Your spells are a little easier to cast, but a little less powerful.


Message History

You now have 211 gold pieces (gained 8).
There are monsters nearby!
The komodo dragon closely misses you.
You barely miss the komodo dragon.
The wolf howls!
You pierce the komodo dragon, but do no damage.
You hear a howl!
The komodo dragon bites you!! The wolf misses you.
The wolf attacks as it pursues you! The wolf misses you.
The wolf barely misses you.
You bludgeon the wolf!
The wolf begins to glow.
You grab the wolf.
You pierce the wolf.
You squeeze the wolf!
The wolf is almost dead.
You constrict the wolf. The wolf bites you!
You bludgeon the wolf!
You kill the wolf!
You closely miss the wolf. You grab the wolf.
You pierce the wolf.
The wolf is moderately wounded.
You constrict the wolf, but do no damage.
The wolf bites you! The wolf misses you.
You bludgeon the wolf!
The wolf begins to glow.
You pierce the wolf, but do no damage.
You squeeze the wolf.
You kill the wolf!
You feel very mighty all of a sudden.
The komodo dragon is distracted by your dazzling golden aura.
The komodo dragon hisses angrily.
You batter the komodo dragon!!
The komodo dragon begins to glow.
The komodo dragon is no longer distracted by gold.
You pierce the komodo dragon!
The komodo dragon is heavily wounded.
The komodo dragon bites you!!
* * * LOW HITPOINT WARNING * * *
Unknown command.
You bludgeon the komodo dragon!
The komodo dragon glows dangerously bright.
The komodo dragon is severely wounded.
The komodo dragon bites you!!
You die...
Your body crumbles into a pile of gold.

#.........................
##...................###..
.#..................### P.
..#.......[.........# .
#...#...⌠........#### ...
#..#$..............#
#...##...l...#....##.....
##......$###l.....# #....
#....⌠...##p#.##### ....
##.......###### #..
#..⌠...⌠..# .. #........##
##...⌠...# #........
.....##... ..h## ##...


You could see a komodo dragon (heavy contam).

Vanquished Creatures
  2 two-headed ogres
  2 centaur warriors (D:14)
  Pikel (D:5)
  An orc knight (Orc:2)
  An ugly thing (D:12)
  Maurice (Orc:2)
  A manticore (D:11)
  2 black mambas (Lair:1)
  2 kobold blastminers (Orc:2)
  Jeremiah (D:9)
  A cane toad (Lair:1)
  3 unseen horrors
  A gargoyle (Bailey)
  5 komodo dragons
  3 trolls (D:11)
  A hornet (D:7)
  4 blink frogs (Lair:1)
  A shadow (D:10)
  2 vampires
  3 wyverns
  14 yaks
  A steam dragon (D:7)
  4 wraiths
  Grum (D:8)
  4 basilisks
  An acid dragon (D:10)
  5 water moccasins
  9 orc warriors
  3 ice beasts
  2 sky beasts
  A laughing skull (D:14)
  2 black bears
  2 ogres
  9 centaurs
  6 wolves
  A phantom (D:4)
  Blork the orc (D:6)
  A gnoll sergeant (D:9)
  4 bullfrogs
  2 scorpions (D:6)
  4 wights (D:9)
  7 vampire bats (Bailey)
  3 howler monkeys (D:14)
  6 wolf zombies (Bailey)
  A bombardier beetle (D:6)
  A gnoll bouda (D:7)
  3 hounds
  A jelly (D:7)
  10 orc priests
  An iguana (D:4)
  A sleepcap (D:6)
  Ijyb (D:5)
  22 orc wizards
  Robin (D:4)
  18 gnolls
  3 adders
  2 shadow imps
  2 white imps (D:7)
  6 ufetubi
  A ribbon worm (D:2)
  8 dart slugs
  73 orcs
  7 endoplasms
  A giant cockroach (D:2)
  22 goblins
  11 hobgoblins
  4 jackals (D:1)
  9 kobolds
  5 quokkas
  6 ball pythons
  5 bats
  4 frilled lizards
  23 orc zombies (Bailey)
  2 rats
385 creatures vanquished.

Vanquished Creatures (others)
  An orc (D:9)
1 creature vanquished.

Grand Total: 386 creatures vanquished

Notes
Turn   | Place    | Note
-------+----------+-------------------------------------------
     0 | D:1      | 112233 the Octopode Shapeshifter began the quest for the
                  | Orb.
     0 | D:1      | Reached XP level 1. HP: 13/13 MP: 1/1
    86 | D:1      | Found Oryloash's Antique Weapon Boutique.
   108 | D:1      | Reached XP level 2. HP: 18/18 MP: 2/2
   174 | D:1      | Reached XP level 3. HP: 22/23 MP: 3/3
   372 | D:4      | Noticed Robin
   380 | D:4      | Found Anahat's Weapon Emporium.
   386 | D:4      | Killed Robin
   398 | D:4      | Reached XP level 4. HP: 26/29 MP: 4/4
   559 | D:4      | Noticed a phantom
   573 | D:4      | Killed a phantom
   574 | D:4      | Reached XP level 5. HP: 17/35 MP: 5/5
   909 | D:4      | Identified the ring of Xom's Whimsicality {rC- Int+5 Dex+6
                  | Slay+5 Stlth+}
  1295 | D:5      | Entered Level 5 of the Dungeon
  1389 | D:5      | Reached skill level 4 in Shapeshifting
  1389 | D:5      | Reached XP level 6. HP: 26/41 MP: 6/6
  1608 | D:5      | Noticed Ijyb
  1618 | D:5      | Killed Ijyb
  1672 | D:5      | Noticed an ice beast
  1681 | D:5      | Killed an ice beast
  1682 | D:5      | Reached XP level 7. HP: 22/46 MP: 7/7
  1801 | D:5      | Found a staircase to the Ecumenical Temple.
  1814 | Temple   | Entered the Ecumenical Temple
  2035 | D:5      | Noticed Pikel
  2044 | D:5      | Gained mutation: Your spells are a little easier to cast,
                  | but a little less powerful. [potion of mutation]
  2044 | D:5      | Gained mutation: One of your tentacles bears a spike.
                  | [potion of mutation]
  2054 | D:5      | Killed Pikel
  2055 | D:5      | Reached skill level 5 in Unarmed Combat
  2055 | D:5      | Reached skill level 5 in Shapeshifting
  2055 | D:5      | Reached XP level 8. HP: 28/54 MP: 8/8
  2341 | D:5      | Reached skill level 5 in Dodging
  3134 | D:6      | Noticed Blork the orc
  3141 | D:6      | Killed Blork the orc
  3257 | Temple   | Became a worshipper of Gozag Ym Sagoz the Greedy
  3623 | D:3      | Reached skill level 5 in Fighting
  4301 | D:2      | Found a faded altar of an unknown god.
  4565 | D:1      | Found Suas's Jewellery Shoppe.
  4565 | D:1      | Found Asoash's Weapon Shoppe.
  4632 | D:1      | Found Mihum's General Store.
  4702 | D:1      | Found Zequan's Weapon Boutique.
  5306 | D:6      | Reached skill level 6 in Shapeshifting
  5615 | D:6      | Found Hipasu Uco's Distillery.
  5618 | D:6      | Found Irchiots's Assorted Antiques.
  5631 | D:6      | Bought a potion of curing for 42 gold pieces
  5631 | D:6      | Bought a potion of haste for 140 gold pieces
  5631 | D:6      | Bought a potion of curing for 42 gold pieces
  5631 | D:6      | Bought a potion of invisibility for 112 gold pieces
  5637 | D:6      | Bought a copper ring for 145 gold pieces
  5637 | D:6      | Bought a scroll labelled IMEIFAL LEGEP for 29 gold pieces
  5696 | D:6      | Found Uwuo's Armour Shoppe.
  5707 | D:6      | Found Hahontufol's Magic Scroll Shop.
  5717 | D:6      | Bought a scroll of fear for 40 gold pieces
  5915 | D:6      | Found an iron altar of Okawaru.
  6051 | D:6      | Reached XP level 9. HP: 56/61 MP: 9/9
  6369 | D:7      | Noticed a hornet
  6374 | D:7      | Killed a hornet
  6375 | D:7      | Reached skill level 7 in Shapeshifting
  6543 | D:7      | Found Delam's Antique Weapon Boutique.
  7276 | D:8      | Noticed Grum
  7281 | D:8      | Killed Grum
  7614 | D:8      | Reached skill level 8 in Shapeshifting
  7793 | D:8      | Reached XP level 10. HP: 69/69 MP: 10/10
  8019 | D:8      | Identified the +3 spear of Plague {flame, Str+2 SInv}
  8272 | D:9      | Noticed Jeremiah
  8274 | D:9      | Identified the +6 falchion of the Spinneret {flame, *Noise
                  | rF+ rC+ rN+++}
  8278 | D:9      | Killed Jeremiah
  8345 | D:6      | Bought a scroll labelled NORUPS ANIB for 29 gold pieces
  8365 | D:6      | Bought a scroll of identify for 20 gold pieces
  8365 | D:6      | Bought a scroll of identify for 20 gold pieces
  8365 | D:6      | Bought a scroll of identify for 20 gold pieces
  8365 | D:6      | Bought a scroll of fear for 40 gold pieces
  8365 | D:6      | Bought a scroll of identify for 20 gold pieces
  8365 | D:6      | Bought a scroll of silence for 95 gold pieces
  8378 | D:6      | Bought a +2 hat for 176 gold pieces
  8915 | D:9      | Reached skill level 9 in Shapeshifting
  9656 | D:10     | Entered Level 10 of the Dungeon
  9656 | D:10     | Noticed an unseen horror
  9667 | D:10     | Noticed a two-headed ogre
  9668 | D:10     | Killed an unseen horror
  9679 | D:10     | Killed a two-headed ogre
  9680 | D:10     | Reached XP level 11. HP: 40/77 MP: 11/11
 10062 | D:10     | Found a flagged portal.
 10214 | Bailey   | Entered a bailey
 10891 | Bailey   | Reached skill level 10 in Shapeshifting
 11249 | Bailey   | Identified the +2 cloak "Runloged" {rPois rN+ Will- Int+3}
 11589 | D:10     | Found a staircase to the Lair.
 12036 | D:10     | Found an ornate altar of the Wu Jian Council.
 12042 | D:10     | Found a hazy altar of Hepliaklqana.
 12043 | D:10     | Found a bloodstained altar of Trog.
 12043 | D:10     | Found an ancient bone altar of Kikubaaqudgha.
 12043 | D:10     | Found a shadowy altar of Dithmenos.
 12045 | D:10     | Found a burning altar of Makhleb.
 12046 | D:10     | Found a hide-covered altar of Uskayaw.
 12149 | D:11     | Noticed a two-headed ogre
 12151 | D:11     | Killed a two-headed ogre
 12204 | D:11     | Found Rylu's Elemental Accessories.
 12217 | D:11     | Noticed a manticore
 12226 | D:11     | Killed a manticore
 12277 | D:11     | Found a staircase to the Orcish Mines.
 12356 | D:11     | You are sucked into a shaft and drop 3 floors!
 12384 | D:14     | Noticed a centaur warrior
 12396 | D:14     | Killed a centaur warrior
 12398 | D:14     | Noticed a manticore
 12402 | D:14     | a manticore changed into a sun moth
 12402 | D:14     | Noticed a sun moth
 12420 | D:14     | Noticed a centaur warrior
 12424 | D:14     | Killed a centaur warrior
 12424 | D:14     | Noticed a skeletal warrior
 12578 | D:15     | Entered Level 15 of the Dungeon
 12582 | D:15     | Noticed Rupert
 12582 | D:15     | Noticed a cyclops
 12600 | D:14     | Noticed a purple ugly thing
 12703 | D:12     | Found Qintuzon's Antique Weapon Shoppe.
 12744 | D:12     | Noticed a green ugly thing
 12764 | D:12     | Killed a green ugly thing
 12765 | D:12     | Reached skill level 11 in Shapeshifting
 12917 | D:12     | Found Nienk's Book Shoppe.
 13018 | D:11     | Reached XP level 12. HP: 32/84 MP: 12/12
 13019 | D:11     | HP: 1/84 [orc wizard/magic dart (5)]
 13499 | Orc:1    | Entered Level 1 of the Orcish Mines
 13825 | Orc:2    | Entered Level 2 of the Orcish Mines
 14017 | Orc:2    | Found a staircase to the Elven Halls.
 14098 | Orc:2    | Noticed Maurice
 14123 | Orc:2    | Killed Maurice
 14259 | Orc:2    | Noticed an orc warlord
 14266 | Orc:2    | Noticed an orc high priest
 14275 | Orc:1    | Found Vuasko Oquh's General Store.
 14520 | Orc:1    | Found Fonud's Magic Scroll Emporium.
 14772 | Orc:1    | Bought a scroll of fear for 56 gold pieces
 14772 | Orc:1    | Bought a scroll of blinking for 105 gold pieces
 15130 | Lair:1   | Entered Level 1 of the Lair of Beasts
 15355 | Lair:1   | Reached skill level 12 in Shapeshifting
 15678 | Lair:1   | Found a blossoming altar of Fedhas.
 15943 | D:7      | Bought a steaming demon trident for 580 gold pieces
 15943 | D:7      | Identified the +6 demon trident "Yhoenose" {vamp, rPois rC-
                  | Int+3 Dex+3} (You bought it in a shop on level 7 of the
                  | Dungeon)
 16545 | Lair:2   | Reached skill level 10 in Unarmed Combat
 16718 | Lair:2   | Reached skill level 10 in Dodging
 16835 | Lair:2   | Mangled by a komodo dragon

Illustrated notes

Levels and vault maps discovered:
D:1:      dpeg_arrival_water_temple_mockup, layout_basic, serial_shops, shop,
          shop, nicolae_shop_pleasant_corner_grove, shop, shop
D:2:      layout_loops_cross, serial_forest, infiniplex_forest_straight_5,
          infiniplex_forest_lined_room_2, infiniplex_forest_clump_double,
          infiniplex_forest_lined_2, infiniplex_forest_lined_ring,
          infiniplex_forest_lined_room_2, infiniplex_forest_lined_room_3,
          infiniplex_forest_straight_2, infiniplex_forest_lined_1,
          dreamdust_ecumenical_altar_angels_and_demons
D:3:      layout_rooms, minmay_misc_feat_encased, grunt_ministairs_13
D:4:      layout_cave_pods, serial_shops, nicolae_inconvenience_store,
          serial_glass, glass_columns_c, glass_columns_a,
          uniq_crazy_yiuf_cottage, uniq_robin
D:5:      layout_basic, minmay_temple_entry_butterflies, uniq_pikel, uniq_ijyb
D:6:      minmay_diamond_boxcup, layout_rooms, mainiacjoe_overflow_alcove_1,
          serial_shops, nicolae_shop_industrial_runoff, shop, shop,
          nicolae_shop_pleasant_corner_grove, patterned_corridor,
          uniq_blork_the_orc
D:7:      layout_loops_ring, serial_shops, shop, minmay_misc_feat_roman,
          minivault_22
D:8:      layout_loops_cross, wad_floor_pattern_untrapped, grunt_ministairs_4,
          grunt_decor_fettered, uniq_grum
D:9:      layout_loops_cross, uniq_jeremiah
D:10:     layout_stronghold, minitemple, erik_lair_dragon,
          lightli_bailey_entry_fortress
D:11:     layout_long_grid, minmay_orc_entry_temple_small,
          nicolae_elemental_shop
D:12:     layout_long_grid, serial_shops, nicolae_shop_rolling_square, shop,
          shop, nicolae_shop_tiny_statue_garden
D:13:     layout_cave_pools, david_vaults_4
D:14:     layout_rooms
D:15:     gammafunk_enter_depths_forms, layout_long_grid, nicolae_custom_books,
          uniq_rupert
Temple:   dpeg_chambers_temple
Lair:1:   layout_roguey, tgw_fedhas
Lair:2:   layout_cave_pods, eino_house_with_fridge, grunt_megastairs_4,
          infiniplex_staircase_pool
Orc:1:    nicolae_orc_accident_2, layout_caves, serial_shops, shop, shop, shop,
          enter_volcano_1
Orc:2:    st_orc_congregation, layout_diamond_mine, lightli_orcish_oven,
          uniq_maurice

Skill      XL: |  1  2  3  4  5  6  7  8  9 10 11 12 |
---------------+-------------------------------------+-----
Fighting       | 2 3 4 5 6 7 8 9 |  9.8
Dodging        | 3 4 5 6 8 9 10 | 10.0
Unarmed Combat | 4 5 6 8 9 10 | 10.0
Shapeshifting  | 4 5 6 8 9 11 12 | 12.3

Action                     |  1- 3 |  4- 6 |  7- 9 | 10-12 || total
---------------------------+-------+-------+-------+-------++-------
  Melee: Spear             |    52 |    64 |   115 |       ||   231
         Constrict         |    14 |     7 |    37 |   105 ||   163
         Unarmed           |     2 |       |    86 |   252 ||   340
         Tentacles         |     6 |     9 |    25 |   112 ||   152
         Punch             |     3 |     2 |     7 |     9 ||    21
         Kick              |       |       |    48 |   195 ||   243
         Falchion          |       |       |       |   194 ||   194
 Invoke: Potion Petition   |       |       |       |     6 ||     6
  Evoke: Wand              |       |       |       |    15 ||    15
    Use: Potion            |       |     1 |     5 |    13 ||    19
         Scroll            |       |       |     7 |    18 ||    25
   Stab: Sleeping          |     3 |     3 |    33 |    17 ||    56
         Distracted        |       |       |     1 |       ||     1
 Armour: Skin              |    12 |    47 |    83 |   192 ||   334
  Dodge: Dodged            |    21 |    23 |    99 |   378 ||   521
   Form: Flux              |       |       |       |     1 ||     1
